 Dungeon Crawl Stone Soup version 0.26-a0-259-g1effd001a9 (webtiles) character file.

Game seed: 12424902036142790347

99603 raph the Thaumaturge (level 15, -1/80 HPs)
             Began as a Deep Elf Conjurer on July 21, 2020.
             Was an Elder of Sif Muna.
             Killed from afar by a manticore (10 damage)
             ... with a volley of spikes
             ... on level 1 of the Shoals on July 23, 2020.
             The game lasted 02:55:45 (38723 turns).

raph the Thaumaturge (Deep Elf Conjurer)           Turns: 38723, Time: 02:55:46

Health: -1/80      AC: 15    Str:  6    XL:     15   Next: 78%
Magic:  1/34       EV: 21    Int: 28    God:    Sif Muna [****..]
Gold:   3023       SH:  6    Dex: 17    Spells: 6/41 levels left

rFire    + . .     SeeInvis +   a - +0 morningstar of Cocytus {flame, *Noise rC+ Dex+2 Stlth+}
rCold    + + .     Faith    .   l - +1 buckler
rNeg     . . .     Spirit   .   G - +2 acid dragon scales
rPois    +         Reflect  .   Y - +2 hat {SInv}
rElec    +         Harm     .   x - +2 cloak {MR+}
rCorr    +                      S - +0 pair of gloves
MR       +++..                  v - +0 pair of boots
Stlth    ++++++....             f - amulet of regeneration
HPRegen  0.63/turn              u - +4 ring of evasion
MPRegen  0.24/turn              L - ring of stealth

@: resistant, barbed spikes
A: antennae 1, agile 1, magic resistance 1, evolution 2
a: Channel Magic, Forget Spell, Divine Exegesis, Renounce Religion


You were on level 1 of the Shoals.
You worshipped Sif Muna.
Sif Muna was greatly pleased with you.
You were not hungry.

You visited 4 branches of the dungeon, and saw 24 of its levels.
You also visited: Sewer.

You collected 3098 gold pieces.
You spent 75 gold pieces at shops.

Inventory:

Hand Weapons
 a - the +0 morningstar of Cocytus (weapon) {flame, *Noise rC+ Dex+2 Stlth+}
   (You found it on level 1 of the Lair of Beasts)

   It has been specially enchanted to burn those struck by it, causing extra
   injury to most foes and up to half again as much damage against particularly
   susceptible opponents.
   It affects your dexterity (+2).
   It protects you from cold.
   It may make noises in combat.
   It makes you more stealthy.
 b - a +3 dagger of holy wrath
 I - the +6 hunting sling of Niusy {flame, rC+ Str+2 Dex+3}
   (You took it off an orc on level 8 of the Dungeon)

   It causes projectiles fired from it to burn those they strike, causing extra
   injury to most foes and up to half again as much damage against particularly
   susceptible opponents.
   It affects your strength (+2).
   It affects your dexterity (+3).
   It protects you from cold.
 P - a +2 dagger of speed
Missiles
 e - 24 poisoned darts
 H - 14 curare-tipped darts
 J - 138 sling bullets
 Z - 5 boomerangs of dispersal (quivered)
Armour
 l - a +1 buckler (worn)
 r - a scarf of resistance
 v - a +0 pair of boots (worn)
 x - a +2 cloak of magic resistance (worn)
 G - +2 acid dragon scales (worn)
 S - a +0 pair of gloves (worn)
 Y - a +2 hat of see invisible (worn)
Jewellery
 f - an amulet of regeneration (around neck)
 p - an uncursed ring of protection from cold
 u - a +4 ring of evasion (left hand)
 L - a ring of stealth (right hand)
 Q - an uncursed ring of ice
 U - an uncursed ring of positive energy
Wands
 t - a wand of flame (20)
 z - a wand of enslavement (13)
 B - a wand of digging (25)
 F - a wand of polymorph (22)
 K - a wand of iceblast (2)
 W - a wand of paralysis (12)
Scrolls
 d - 5 scrolls of magic mapping
 h - a scroll of enchant weapon
 n - 2 scrolls of fog
 o - 10 scrolls of remove curse
 q - 3 scrolls of fear
 y - 7 scrolls of teleportation
 M - 4 scrolls of amnesia
 O - a scroll of brand weapon
 X - a scroll of blinking
Potions
 g - 11 potions of curing
 j - 2 potions of cancellation
 k - a potion of mutation
 m - a potion of invisibility
 s - 5 potions of flight
 w - 4 potions of brilliance
 A - a potion of might {unknown}
 E - a potion of ambrosia
 R - 2 potions of haste
 V - 4 potions of stabbing
Miscellaneous
 N - a lightning rod (3/4)
Comestibles
 c - 45 rations


   Skills:
 + Level 4.4 Fighting
 + Level 1.3 Armour
 + Level 10.5 Dodging
 + Level 8.5 Stealth
 - Level 4.7 Shields
 - Level 13.8 Spellcasting
 + Level 13.2 Conjurations
 - Level 8.0 Hexes
 - Level 4.0 Summonings
 - Level 8.2 Translocations
 - Level 11.1 Ice Magic
 + Level 9.3 Air Magic
 - Level 11.4 Invocations


You had 6 spell levels left.
You knew the following spells:

 Your Spells              Type           Power        Failure   Level
a - Magic Dart            Conj           ####         1%          1
b - Searing Ray           Conj           ######       1%          2
c - Summon Ice Beast      Ice/Summ       ######..     2%          4
d - Fulminant Prism       Conj/Hex       ######....   1%          4
e - Iskenderun's Mystic   Conj/Tloc      ######..     1%          4
f - Lightning Bolt        Conj/Air       ######....   1%          5
g - Animate Skeleton      Necr           ###...       5%          1
h - Apportation           Tloc           ######       1%          1
i - Frozen Ramparts       Ice            ######       1%          3
j - Freezing Cloud        Conj/Ice/Air   ######....   9%          6
k - Summon Lightning Spi  Summ/Air       ######..     3%          4

Your spell library contained the following spells:

 Spells                   Type           Power        Failure   Level
 Corona                   Hex            ######.      1%          1
 Freeze                   Ice            ####         1%          1
 Summon Butterflies       Summ           #####...     1%          1
 Summon Small Mammal      Summ           ####         1%          1
 Blink                    Tloc           N/A          1%          2
 Call Imp                 Summ           #####...     1%          2
 Poisonous Vapours        Pois/Air       #####.       1%          2
 Shroud of Golubria       Chrm/Tloc      #####.       1%          2
 Conjure Flame            Conj/Fire      ######..     1%          3
 Dazzling Flash           Conj/Hex       ######       1%          3
 Gell's Gravitas          Tloc           ######....   1%          3
 Lesser Beckoning         Tloc           ######....   1%          3
 Mephitic Cloud           Conj/Pois/Air  ######..     1%          3
 Ozocubu's Armour         Chrm/Ice       ######..     1%          3
 Static Discharge         Conj/Air       ######..     1%          3
 Summon Guardian Golem    Hex/Summ       ######..     1%          3
 Teleport Other           Tloc           ######..     1%          3
 Hailstorm                Conj/Ice       ######..     1%          4
 Passage of Golubria      Tloc           N/A          1%          4
 Call Canine Familiar     Summ           #####...     3%          3
 Ice Form                 Ice/Tmut       ######..     5%          4
 Iskenderun's Battlesphe  Conj/Chrm      ######..     10%         5
 Summon Mana Viper        Hex/Summ       ######..     12%         5
 Bolt of Magma            Conj/Fire/Erth #####.....   24%         5
 Summon Demon             Summ           #####.....   28%         5
 Dispersal                Tloc           ######....   28%         6
 Iron Shot                Conj/Erth      ######....   50%         6
 Orb of Destruction       Conj           #######...   21%         7
 Spellforged Servitor     Conj/Summ      ######....   78%         7
 Ring of Flames           Chrm/Fire      ###.......   100%        7
 Summon Hydra             Summ           #####.....   100%        7
 Disjunction              Tloc           ######....   100%        8
 Ignition                 Fire           ###.......   100%        8
 Absolute Zero            Ice            ######....   100%        9
 Shatter                  Erth           ###.......   100%        9
 Tornado                  Air            ######....   100%        9


Dungeon Overview and Level Annotations

Branches:
Dungeon (15/15)            Temple (0/1) D:4            Lair (6/6) D:9
 Shoals (1/4) Lair:4       Spider (0/4) Lair:2        Slime (0/5) Lair:5
    Orc (2/2) D:10            Elf (0/3) Orc:2        Vaults (0/5) D:13
  Sewer (visited)
 Depths: D:15

Altars:
Dithmenos
Elyvilon
Hepliaklqana
Kikubaaqudgha
Makhleb
Okawaru
Ru
Sif Muna
Uskayaw
Vehumet
Xom
Beogh
Jiyva

Shops:
D:11 (:   D:13 *   Orc:2 ((?:}   Shoals:1 [

Portals:
Hell: Lair:6

Annotations:
D:7 exclusion: ugly thing
Lair:4 exclusion: oklob plant
Lair:5 1 runed translucent door, exclusion: 4 oklob plants


Innate Abilities, Weirdness & Mutations

You have a pair of small antennae on your head.
You are agile. (Dex +2)
You are resistant to hostile enchantments. (MR+)
You rapidly evolve.


Message History

The air twists around and strikes you.
Your snapping turtle skeleton bites the wind drake!
Casting: Magic Dart (safe; 1% risk of failure)
Confirm with . or Enter, or press ? or * to list all spells.
You don't have enough magic to cast that spell.
Unknown command.
The wind drake flaps its wings at you. The air twists around and strikes you!
* * * LOW HITPOINT WARNING * * *
Your snapping turtle skeleton closely misses the wind drake.
You feel better. The wind drake flaps its wings at you.
The air twists around and strikes you!
* * * LOW HITPOINT WARNING * * *
Your snapping turtle skeleton barely misses the wind drake.
You feel protected.
The manticore flicks its tail.
The volley of spikes hits you!
The barbed spikes become lodged in your body.
You die...

≈≈≈≈≈≈≈≈≈≈≈≈≈≈≈≈≈
≈≈≈≈≈≈≈≈≈≈≈≈≈≈≈≈≈≈≈≈≈≈≈≈≈≈
≈≈≈≈≈≈≈≈≈≈≈≈≈≈≈≈≈≈≈≈≈≈≈≈≈≈≈
≈≈≈≈≈≈≈≈≈≈≈≈≈≈≈≈≈≈≈≈≈≈≈≈≈≈≈≈≈≈≈≈≈
≈≈≈≈≈≈≈≈≈≈≈≈≈≈≈≈≈≈≈≈≈≈≈≈≈≈≈≈≈≈≈≈≈
≈≈≈≈≈≈≈≈≈≈≈≈≈≈≈≈...≈≈≈.....≈≈≈≈≈≈
≈≈≈≈≈≈≈≈≈≈≈≈≈≈≈............≈≈≈≈≈≈
≈≈≈≈≈≈≈≈≈≈≈≈≈≈.............≈≈≈≈≈≈
≈≈≈≈≈≈≈≈≈≈≈≈....@...∩......≈≈≈≈≈≈
..≈≈≈≈≈≈≈≈≈≈................≈≈≈≈≈
.≈≈≈≈≈≈≈≈≈≈≈≈≈.........(...≈≈≈≈≈≈
≈≈≈≈≈≈≈≈≈≈≈Z≈k≈....≈≈.......≈≈≈≈≈
.≈≈≈≈≈≈≈≈≈≈H≈≈≈≈≈≈≈≈≈≈≈≈..≈≈≈≈≈≈≈
.≈≈≈≈%≈≈≈≈≈≈≈≈≈≈≈≈≈≈≈≈≈≈≈≈≈≈≈≈≈≈≈
.≈≈≈≈≈≈≈≈≈≈≈≈≈≈≈≈≈≈≈≈≈≈≈≈≈≈≈≈≈≈≈≈
.≈≈≈≈≈≈≈≈≈≈≈≈≈≈≈≈≈≈≈≈≈≈≈≈≈≈≈≈≈≈≈≈
.≈≈≈≈≈≈≈≈≈≈≈≈≈≈≈≈≈≈≈≈≈≈≈≈≈≈≈≈≈≈≈≈


You could see a wind drake (repels missiles), a manticore and a friendly
snapping turtle skeleton.

Vanquished Creatures
  2 krakens (Shoals:1)
  Kirke (Lair:5)
  A stone giant (Orc:1)
  A dire elephant (Lair:6)
  Snorg (Orc:2)
  3 vault guards (D:13)
  6 hydras
  Fannar (Lair:1)
  Erolcha (Orc:2)
  A catoblepas (Lair:4)
  Erica (D:8)
  2 centaur warriors
  5 ogre magi
  3 two-headed ogres
  5 death yaks
  An orc high priest (Orc:1)
  Sonja (Lair:2)
  A sun demon (Lair:6)
  2 unseen horrors (D:14)
  3 skeletal warriors (D:12)
  A sea snake (Shoals:1)
  2 wizards
  2 orc knights
  Pikel (D:5)
  An orb spider (Lair:2)
  8 orc sorcerers
  A manticore (D:11)
  A deep elf mage (D:11)
  11 ugly things
  4 black mambas
  3 elephants (Lair:5)
  A water nymph (Shoals:1)
  2 merfolk sirens (Lair:4)
  An ice statue (D:13)
  9 cane toads
  A gargoyle (D:10)
  2 orange demons (Lair:6)
  A torpor snail (Lair:2)
  Maggie (D:7)
  6 komodo dragons
  A rime drake (shapeshifter) (D:13)
  A kobold demonologist (D:13)
  5 rime drakes (Lair:6)
  2 yaktaurs (D:13)
  4 ice devils
  A hellwing (Lair:6)
  A red devil (Lair:6)
  2 polar bears
  A queen bee (Lair:2)
  6 trolls
  13 blink frogs
  13 hippogriffs
  2 slime creatures (D:13)
  2 snapping turtles (Shoals:1)
  Sigmund (D:3)
  A centaur simulacrum (D:14)
  2 vampires
  2 wraiths (D:11)
  4 wyverns
  A water elemental (Shoals:1)
  32 yaks
  A human (D:13)
  5 hogs
  2 basilisks
  2 wargs
  2 vampire mosquitoes (D:12)
  Menkaure (D:5)
  3 acid dragons
  A soldier ant (D:13)
  13 water moccasins
  Duvessa (D:5)
  5 hell hounds
  7 porcupines
  4 black bears
  17 orc warriors
  A hornet zombie (D:4)
  3 ice beasts
  4 sky beasts
  3 phantoms
  An eye of draining (D:9)
  13 ogres
  3 wolves (Lair:3)
  8 crocodiles
  11 centaurs
  A lemure (D:5)
  2 big kobolds
  20 bullfrogs
  3 scorpions
  39 killer bees
  2 wights (D:12)
  5 howler monkeys
  3 electric eels
  6 hounds
  3 centaur zombies
  A quasit (D:9)
  3 bullfrog skeletons
  A bullfrog zombie (D:10)
  5 jellies
  29 orc wizards
  18 orc priests
  2 centaur skeletons
  4 iguanas
  Ijyb (D:3)
  10 worker ants
  2 hound zombies
  A hound skeleton (D:10)
  2 worker ant zombies
  A howler monkey skeleton (D:8)
  7 gnolls
  2 river rats (Sewer)
  12 adders
  3 shadow imps
  2 white imps
  An ooze (D:3)
  12 ufetubi
  6 worms
  3 dart slugs
  11 leopard geckos
  79 orcs
  3 ball pythons
  12 giant cockroaches
  7 goblins
  5 hobgoblins (D:1)
  11 jackals
  11 kobolds
  6 quokkas
  A ball python skeleton (D:4)
  4 bats
  8 frilled lizards
  A jackal skeleton (D:6)
  A leopard gecko skeleton (D:5)
  A quokka skeleton (D:4)
  A quokka zombie (D:8)
  9 rats
  A butterfly (Lair:4)
  6 fungi
  2 plants (D:9)
  4 tentacles (Shoals:1)
705 creatures vanquished.

Vanquished Creatures (collateral kills)
  Frances (D:14)
  Gastronok (Lair:1)
  Nessos (D:13)
  A vault guard (D:13)
  A centaur warrior (D:14)
  A catoblepas (D:14)
  3 skeletal warriors
  2 ugly things
  A black mamba (Lair:5)
  A rime drake (Lair:6)
  3 ice devils
  A troll (D:14)
  A merfolk (Shoals:1)
  A slime creature (D:14)
  A wyvern (Lair:5)
  3 yaks
  2 orc warriors
  An ogre (Orc:1)
  A crocodile (D:12)
  A centaur (D:14)
  2 wights (D:12)
  A jelly (D:12)
  An orc wizard (D:12)
32 creatures vanquished.

Vanquished Creatures (others)
  109 fulminant prisms
  11 fungi
  14 plants
  29 tentacles (Shoals:1)
163 creatures vanquished.

Grand Total: 900 creatures vanquished

Notes
Turn   | Place    | Note
-------+----------+-------------------------------------------
     0 | D:1      | raph the Deep Elf Conjurer began the quest for the Orb.
     0 | D:1      | Reached XP level 1. HP: 10/10 MP: 6/6
   223 | D:1      | Reached XP level 2. HP: 15/15 MP: 8/8
   238 | D:1      | Learned a level 2 spell: Searing Ray
   238 | D:1      | You fall into a shaft and drop 1 floor!
   494 | D:2      | Reached XP level 3. HP: 20/20 MP: 6/9
  1062 | D:1      | You fall into a shaft and drop 1 floor!
  1329 | D:2      | Reached skill level 5 in Conjurations
  1330 | D:2      | Reached skill level 1 in Fighting
  1330 | D:2      | Reached XP level 4. HP: 25/25 MP: 7/11
  1374 | D:2      | Learned a level 3 spell: Dazzling Flash
  2428 | D:3      | Found a white marble altar of Elyvilon.
  2482 | D:3      | Reached skill level 1 in Hexes
  2568 | D:3      | Noticed Ijyb
  2584 | D:3      | Killed Ijyb
  2584 | D:3      | Reached XP level 5. HP: 23/29 MP: 7/12
  2650 | D:3      | Learned a level 4 spell: Fulminant Prism
  3381 | D:3      | Noticed Sigmund
  3386 | D:3      | Killed Sigmund
  3386 | D:3      | Reached skill level 1 in Shields
  3386 | D:3      | Reached XP level 6. HP: 32/34 MP: 6/14
  3944 | D:4      | Found a sacrificial altar of Ru.
  3944 | D:4      | Found a faded altar of an unknown god.
  3949 | D:4      | Found a shimmering blue altar of Sif Muna.
  3951 | D:4      | Found a hide-covered altar of Uskayaw.
  3953 | D:4      | Found an iron altar of Okawaru.
  3958 | D:4      | Became a worshipper of Sif Muna the Loreminder
  4058 | D:4      | Learned a level 4 spell: Iskenderun's Mystic Blast
  4140 | D:4      | Reached skill level 1 in Translocations
  4140 | D:4      | Reached XP level 7. HP: 38/38 MP: 7/16
  4273 | D:4      | Found a staircase to the Ecumenical Temple.
  4714 | D:5      | Entered Level 5 of the Dungeon
  4821 | D:5      | Noticed Pikel
  4835 | D:5      | Killed Pikel
  4835 | D:5      | Reached XP level 8. HP: 43/43 MP: 1/17
  4986 | D:5      | Reached skill level 5 in Hexes
  5262 | D:5      | Found a glowing drain.
  5276 | Sewer    | Entered a sewer
  5572 | Sewer    | Found a glowing silver altar of Zin.
  5837 | D:5      | Noticed Duvessa
  5878 | D:5      | Killed Duvessa
  6024 | D:5      | Noticed Menkaure
  6028 | D:5      | Killed Menkaure
  6162 | D:5      | Found a shimmering blue altar of Sif Muna.
  6210 | D:5      | Reached * piety under Sif Muna
  6366 | D:5      | Reached skill level 5 in Translocations
  6366 | D:5      | Reached XP level 9. HP: 47/47 MP: 3/18
  6944 | D:6      | Found a shimmering altar of Xom.
  6944 | D:6      | Found a shadowy altar of Dithmenos.
  7585 | D:7      | Reached ** piety under Sif Muna
  7720 | D:7      | Noticed a red ugly thing
  7941 | D:7      | Noticed Maggie
  7952 | D:7      | Killed Maggie
  8175 | D:7      | Found a hazy altar of Hepliaklqana.
  8440 | D:7      | Reached skill level 5 in Dodging
  8593 | D:7      | Learned a level 1 spell: Apportation
  8595 | D:7      | Learned a level 1 spell: Animate Skeleton
  8923 | D:8      | Reached skill level 5 in Spellcasting
  9100 | D:8      | Reached skill level 1 in Invocations
  9333 | D:8      | Noticed Erica
  9500 | D:8      | Killed Erica
  9500 | D:8      | Reached skill level 5 in Stealth
  9500 | D:8      | Reached XP level 10. HP: 25/54 MP: 2/20
  9624 | D:8      | Identified the +6 hunting sling of Niusy {flame, rC+ Str+2
                  | Dex+3}
  9925 | D:8      | Learned a level 3 spell: Mephitic Cloud
 10388 | D:9      | Noticed a two-headed ogre
 10395 | D:9      | Killed a two-headed ogre
 10395 | D:9      | Reached skill level 1 in Air Magic
 10533 | D:9      | Reached *** piety under Sif Muna
 10745 | D:9      | Noticed a two-headed ogre
 10756 | D:9      | Killed a two-headed ogre
 11049 | D:9      | Reached skill level 10 in Conjurations
 11049 | D:9      | Reached XP level 11. HP: 60/60 MP: 22/24
 11302 | D:9      | Found a staircase to the Lair.
 11383 | D:9      | Reached XP level 12. HP: 64/64 MP: 14/25
 11809 | Lair:1   | Entered Level 1 of the Lair of Beasts
 11869 | Lair:1   | Got a faintly glowing morningstar
 11881 | Lair:1   | Identified the cursed +0 morningstar of Cocytus {flame,
                  | *Noise rC+ Dex+2 Stlth+} (You found it on level 1 of the
                  | Lair of Beasts)
 11921 | Lair:1   | Noticed Gastronok
 11940 | Lair:1   | Noticed Fannar
 11988 | Lair:1   | Killed Fannar
 12477 | Lair:2   | Noticed a six-headed hydra
 12487 | Lair:2   | Killed a six-headed hydra
 12487 | Lair:2   | Reached skill level 5 in Air Magic
 12618 | Lair:2   | Noticed Sonja
 12625 | Lair:2   | Killed Sonja
 12823 | Lair:2   | Noticed a death yak
 12824 | Lair:2   | Noticed a death yak
 12962 | Lair:2   | Found a hole to the Spider Nest.
 13092 | Lair:2   | Noticed a five-headed hydra
 13135 | Lair:2   | Killed a five-headed hydra
 13499 | Lair:1   | Learned a level 3 spell: Frozen Ramparts
 13866 | Lair:2   | You fall into a shaft and drop 1 floor!
 14232 | Lair:2   | Reached skill level 1 in Ice Magic
 14802 | Lair:3   | Noticed an eight-headed hydra
 14827 | Lair:3   | Killed an eight-headed hydra
 15031 | Lair:3   | Got a twisted falchion
 15033 | Lair:3   | Identified the +8 falchion of Cukhlob {elec, Dex+4} (You
                  | found it on level 3 of the Lair of Beasts)
 15533 | Lair:3   | Noticed a six-headed hydra
 15542 | Lair:3   | Killed a six-headed hydra
 15792 | Lair:4   | Reached skill level 10 in Dodging
 15963 | Lair:4   | Reached XP level 13. HP: 70/70 MP: 19/27
 16295 | Lair:4   | Reached skill level 5 in Ice Magic
 16457 | Lair:4   | Reached **** piety under Sif Muna
 17246 | Lair:4   | Found a staircase to the Shoals.
 17674 | Lair:4   | Learned a level 6 spell: Freezing Cloud
 17908 | Lair:5   | Noticed Kirke
 18436 | Lair:5   | Noticed a sphinx
 18596 | Lair:5   | Killed Kirke
 19407 | Lair:5   | Identified the Grimoire of Freezing Calling
 19802 | Lair:5   | Found a runed translucent door.
 19802 | Lair:5   | Found a viscous altar of Jiyva.
 19802 | Lair:5   | Found a staircase to the Slime Pits.
 20240 | D:10     | Entered Level 10 of the Dungeon
 20552 | D:10     | Reached ***** piety under Sif Muna
 20785 | D:10     | Identified Sif Muna's Papyrus of Twisted Cold (Sif Muna
                  | gifted it to you on level 10 of the Dungeon)
 20785 | D:10     | Received a gift from Sif Muna
 20961 | D:10     | Learned a level 4 spell: Summon Ice Beast
 21420 | D:10     | Reached skill level 1 in Summonings
 21699 | D:10     | Found a roughly hewn altar of Beogh.
 21704 | D:10     | Found a staircase to the Orcish Mines.
 23362 | D:11     | Found Okuh's Weapon Boutique.
 23478 | D:11     | Found Pebuesso's Book Shop.
 23641 | D:12     | Reached XP level 14. HP: 72/76 MP: 14/29
 23983 | Orc:1    | Entered Level 1 of the Orcish Mines
 24213 | Orc:2    | Entered Level 2 of the Orcish Mines
 24362 | Orc:2    | Noticed Snorg
 24426 | Orc:2    | Killed Snorg
 24564 | Orc:2    | Found a staircase to the Elven Halls.
 24582 | Orc:1    | Noticed a stone giant
 24810 | Orc:1    | Killed a stone giant
 25137 | Orc:1    | Received a gift from Sif Muna
 25475 | Orc:2    | Found Kynigrack's Antique Weapon Emporium.
 25608 | Orc:2    | Found a roughly hewn altar of Beogh.
 26299 | Orc:2    | Reached skill level 10 in Spellcasting
 26612 | Orc:2    | Found an ancient bone altar of Kikubaaqudgha.
 26652 | Orc:2    | Paralysed by an orc sorcerer for 2 turns
 26657 | Orc:2    | Reached skill level 10 in Invocations
 26829 | Orc:2    | Found Joicawk's Magic Scroll Shoppe.
 26830 | Orc:2    | Gained mutation: Your body sometimes deteriorates upon
                  | taking damage. [a neqoxec]
 26938 | Orc:2    | Noticed Erolcha
 26960 | Orc:2    | Killed Erolcha
 27031 | Orc:2    | Bought a scroll of enchant armour for 75 gold pieces
 27034 | Orc:2    | Found a radiant altar of Vehumet.
 27152 | Orc:2    | Found Rubria's Antique Weapon Shoppe.
 27204 | Orc:2    | Found Bauxuk's Book Shoppe.
 27204 | Orc:2    | Found a roughly hewn altar of Beogh.
 27273 | Orc:2    | Found Ekkuck's Gadget Emporium.
 27506 | Orc:2    | Learned a level 4 spell: Summon Lightning Spire
 28238 | D:12     | Learned a level 5 spell: Lightning Bolt
 28267 | D:12     | Found a sacrificial altar of Ru.
 29001 | D:13     | Reached skill level 10 in Ice Magic
 29596 | D:13     | Found a white marble altar of Elyvilon.
 29817 | D:13     | Found Horocime's Assorted Antiques.
 29842 | D:13     | Received a gift from Sif Muna
 30229 | D:13     | Noticed Nessos
 30238 | D:13     | Killed Nessos
 30450 | D:13     | Learned a level 1 spell: Apportation
 31683 | D:13     | Found a gate to the Vaults.
 32211 | D:14     | Reached XP level 15. HP: 34/80 MP: 12/33
 32359 | D:14     | Noticed Frances
 33250 | D:14     | Killed Frances
 33881 | D:15     | Entered Level 15 of the Dungeon
 34157 | D:12     | Lost mutation: Your body sometimes deteriorates upon taking
                  | damage. [potion of mutation]
 34157 | D:12     | Gained mutation: You evolve. [potion of mutation]
 34157 | D:12     | Gained mutation: You have a pair of small antennae on your
                  | head. [potion of mutation]
 34157 | D:12     | Gained mutation: You rapidly evolve. [potion of mutation]
 34157 | D:12     | Gained mutation: You are agile. (Dex +2) [potion of
                  | mutation]
 34420 | Lair:1   | Killed Gastronok
 34643 | Lair:6   | Entered Level 6 of the Lair of Beasts
 34903 | Lair:5   | Gained mutation: You are resistant to hostile enchantments.
                  | (MR+) [evolution]
 36226 | Lair:6   | Received a gift from Sif Muna
 37433 | Lair:6   | Found a burning altar of Makhleb.
 37591 | Lair:6   | Found a gateway to Hell.
 37909 | Shoals:1 | Entered Level 1 of the Shoals
 37965 | Shoals:1 | Noticed a kraken
 37973 | Shoals:1 | HP: 3/80 [tentacle[a kraken] (15)]
 38070 | Shoals:1 | Noticed a kraken
 38075 | Shoals:1 | Killed a kraken
 38138 | Shoals:1 | Reached skill level 1 in Armour
 38376 | Shoals:1 | Killed a kraken
 38539 | Shoals:1 | Found Waqymeuwy's Antique Armour Shop.
 38723 | Shoals:1 | Killed from afar by a manticore

Illustrated notes

Levels and vault maps discovered:
D:1:      heliophobic_arrival_enchanted_forest, layout_loops_ring,
          minmay_misc_feat_pillars
D:2:      layout_loops_corners
D:3:      layout_basic, first_ration, elyvilon_altar_5, uniq_sigmund, uniq_ijyb
D:4:      layout_cave_pods, chequers_temple_overflow_minitemple,
          minmay_temple_entry_fiery
D:5:      layout_basic, gup_sewer_entry_pipe, basic_altar, uniq_duvessa,
          uniq_pikel, uniq_menkaure
D:6:      layout_basic, gammafunk_temple_overflow_elements
D:7:      minmay_the_grid_octo_tiled_octocenter
          [minmay_the_grid_octo_concentric,
          minmay_the_grid_octo_tetromino_candy, minmay_the_grid_octo_focus,
          minmay_the_grid_octo_fan_narrow,
          minmay_the_grid_octo_prize_square_snowflake,
          minmay_the_grid_square_5x5_eight_small,
          minmay_the_grid_square_5x5_minivault,
          minmay_the_grid_square_5x5_two_walls_a, minmay_the_grid_square_5x5_c],
          layout_loops_cross, basic_altar, grunt_ministairs_6, uniq_maggie
D:8:      layout_loops_cross, minmay_fountain_box, minmay_starry_boxes,
          uniq_erica
D:9:      layout_gridville, david_lair_shrubbed, grunt_ogre_cave
D:10:     layout_loops_ring, david_orc_5
D:11:     layout_long_grid, serial_shops, shop, shop, kb_rosetta
D:12:     layout_rooms, minmay_misc_feat_alley, nicolae_ru_awakened_eye
D:13:     cheibrodos_frozen_isle, layout_basic, grunt_vaults_entry_fortified,
          serial_shops, shop, basic_altar, uniq_nessos
D:14:     layout_cross, uniq_frances
D:15:     gammafunk_enter_depths_forms, layout_irregular_city, hex_medium
Lair:1:   layout_chaotic_city, uniq_fannar, uniq_gastronok
Lair:2:   layout_hall_layers, nicolae_spider_entry_orb_guardian, special_room
          [special_room_bee], uniq_sonja
Lair:3:   layout_loops_ring
Lair:4:   layout_small_grid, elwin_shoals_entry_rooms, lemuel_fruit_fields,
          serial_bayou_shore_b
Lair:5:   layout_hall_layers, slime_altar_2, serial_bayou_shore_b,
          infiniplex_staircase_pool, lemuel_fruit_fields,
          minmay_lair_oklob_chamber, uniq_kirke
Lair:6:   evil_forest, layout_cave_pods
Shoals:1: layout_shoals, serial_shops, shop_coins
Orc:1:    layout_caves
Orc:2:    kennysheep_orc_mage_school, layout_caves, serial_shops,
          nicolae_shop_statue_plus, minmay_orc_temple_a, uniq_erolcha,
          uniq_snorg

Skill      XL: |  1  2  3  4  5  6  7  8  9 10 11 12 13 14 15 |
---------------+----------------------------------------------+-----
Stealth        | 3 5 7 8 |  8.5
Dodging        | 3 6 8 10 | 10.5
Conjurations   | 5 6 7 8 9 10 11 12 13 | 13.2
Fighting       | 1 2 3 4 |  4.4
Hexes          | 1 2 3 4 6 8 |  8.0
Spellcasting   | 4 5 7 8 9 12 13 | 13.8
Shields        | 1 2 3 4 |  4.7
Translocations | 1 2 5 6 7 8 |  8.2
Invocations    | 2 6 8 9 10 11 | 11.4
Air Magic      | 4 5 6 8 9 |  9.3
Ice Magic      | 4 9 10 11 | 11.1
Summonings     | 3 4 |  4.0
Armour         | 1 |  1.3

Action                   |  1- 3 |  4- 6 |  7- 9 | 10-12 | 13-15 || total
-------------------------+-------+-------+-------+-------+-------++-------
Melee: Dagger            |     8 |     7 |    40 |       |     5 ||    60
       Quarterstaff      |       |     1 |       |       |       ||     1
       Morningstar       |       |       |       |       |    60 ||    60
       Unarmed           |       |       |       |       |     6 ||     6
 Fire: Hunting sling     |       |       |       |     4 |       ||     4
Throw: Dart              |       |       |       |     2 |     7 ||     9
       Boomerang         |       |       |       |       |     2 ||     2
 Cast: Magic Dart        |    25 |    38 |    90 |    43 |   149 ||   345
       Searing Ray       |    14 |    21 |    59 |    83 |   248 ||   425
       Fulminant Prism   |       |       |    12 |    28 |    70 ||   110
       Iskenderun's Myst |       |       |     6 |    23 |   111 ||   140
       Dazzling Flash    |       |       |     1 |       |       ||     1
       Animate Skeleton  |       |       |       |    11 |    56 ||    67
       Mephitic Cloud    |       |       |       |     2 |     5 ||     7
       Apportation       |       |       |       |    11 |    27 ||    38
       Frozen Ramparts   |       |       |       |     4 |    59 ||    63
       Lightning Bolt    |       |       |       |       |   102 ||   102
       Summon Lightning  |       |       |       |       |    28 ||    28
       Summon Ice Beast  |       |       |       |       |     8 ||     8
       Freezing Cloud    |       |       |       |       |     9 ||     9
Invok: Channel Magic     |       |       |       |     4 |     8 ||    12
Evoke: Wand              |       |       |     3 |     2 |     3 ||     8
       Lightning rod     |       |       |       |       |     7 ||     7
  Use: Scroll            |       |    11 |     8 |     7 |    16 ||    42
       Potion            |       |       |       |     1 |     6 ||     7
 Stab: Sleeping          |     3 |     3 |     1 |       |     5 ||    12
       Invisible         |       |       |     1 |       |       ||     1
  Eat: Ration            |     1 |     2 |     5 |     6 |    20 ||    34
Armor: Robe              |       |     2 |    15 |     7 |       ||    24
       Acid dragon scale |       |       |       |    11 |    82 ||    93
Dodge: Dodged            |     7 |     8 |    70 |    94 |   462 ||   641
Block: Buckler           |       |       |    23 |    43 |   170 ||   236

Table legend:
 A = Non-vault XP
 B = Vault XP
 C = Vault XP percentage of total XP
 D = Non-vault monster count
 E = Vault monster count
 F = Vault count percentage of total count
                 A         B        C        D         E       F
            +---------+---------+-------+---------+---------+-------
      Total |   85666 |   45922 |  34.9 |     531 |     192 |  26.6
            +---------+---------+-------+---------+---------+-------
        D:1 |      36 |       0 |   0.0 |      22 |       0 |   0.0
        D:2 |     130 |       0 |   0.0 |      27 |       0 |   0.0
        D:3 |      69 |     263 |  79.2 |      13 |       2 |  13.3
        D:4 |     533 |       0 |   0.0 |      17 |       0 |   0.0
        D:5 |     823 |     953 |  53.7 |      27 |      10 |  27.0
        D:6 |     596 |       0 |   0.0 |      17 |       0 |   0.0
        D:7 |     760 |     526 |  40.9 |      24 |       6 |  20.0
        D:8 |     888 |    1205 |  57.6 |      23 |       5 |  17.9
        D:9 |    4247 |     456 |   9.7 |      25 |       2 |   7.4
       D:10 |    2907 |     735 |  20.2 |      41 |      23 |  35.9
       D:11 |    5579 |    2259 |  28.8 |      28 |       4 |  12.5
       D:12 |    5680 |       0 |   0.0 |      33 |       0 |   0.0
       D:13 |    6787 |    9396 |  58.1 |      27 |      24 |  47.1
       D:14 |    7579 |    1722 |  18.5 |      26 |       1 |   3.7
       D:15 |    2437 |       0 |   0.0 |       6 |       0 |   0.0
     Lair:1 |    2167 |    2687 |  55.4 |      12 |       2 |  14.3
     Lair:2 |    3853 |    3244 |  45.7 |      10 |      27 |  73.0
     Lair:3 |    4079 |       0 |   0.0 |      11 |       0 |   0.0
     Lair:4 |    6372 |    1436 |  18.4 |      27 |       5 |  15.6
     Lair:5 |    8977 |    3184 |  26.2 |      34 |       7 |  17.1
     Lair:6 |    7464 |    8645 |  53.7 |      23 |      23 |  50.0
   Shoals:1 |    6265 |       0 |   0.0 |       8 |       0 |   0.0
      Orc:1 |    4166 |       0 |   0.0 |      23 |       0 |   0.0
      Orc:2 |    3272 |    9080 |  73.5 |      27 |      42 |  60.9
      Sewer |       0 |     131 | 100.0 |       0 |       9 | 100.0
            +---------+---------+-------+---------+---------+-------
